[Event "Mentese GM 2019"]
[Site "Mentese"]
[Date "2019.06.28"]
[Round "10.5"]
[White "Simantsev, Mikhail"]
[Black "Alumert, Orkun Efe"]
[Result "0-1"]
[ECO "D70"]
[WhiteElo "2371"]
[BlackElo "2008"]
[Annotator "NA"]
[PlyCount "70"]
[EventDate "2019.06.24"]
[EventType "schev"]
[EventCountry "TUR"]
[SourceTitle "playchess.com"]
[Source "ChessBase"]
[SourceQuality "1"]
[TimeControl "5400+30"]

1. d4 Nf6 2. c4 g6 3. f3 d5 4. cxd5 Nxd5 5. e4 Nb6 6. Nc3 Bg7 7. Be3 O-O 8. Qd2 f5 9. e5 Nc6 10. O-O-O Nb4 11. Kb1 Be6 12. a3 N4d5 13. Nh3 Nxc3+ 14. Qxc3 Nd5 15. Qe1 f4 16. Bf2 Qd7 17. Ng5 Bf5+ 18. Bd3 Bxd3+ 19. Rxd3 h6 20. Ne4 b6 21. Qe2 Qe6 22. Nc3 Rfd8 23. Nxd5 Rxd5 24. Rhd1 Rad8 25. h4 Qf5 26. Qe4 Bxe5 27. Qxf5 gxf5 28. Kc2 Bf6 29. R3d2 Kf7 30. b4 e5 31. dxe5 Rxd2+ 32. Rxd2 Rxd2+ 33. Kxd2 Bxe5 34. b5 Ke6 35. Kd3 Kd5 0-1